 Dungeon Crawl Stone Soup version 0.24-a0-434-gd57e52fea8 (webtiles) character file.

Game seed: 4187152147931784490

12 Amnesiac the Poker (level 2, 0/22 HPs)
             Began as a Merfolk Skald on June 17, 2019.
             Slain by a gnoll (2 damage)
             ... on level 3 of the Dungeon.
             The game lasted 00:01:59 (363 turns).

Amnesiac the Poker (Merfolk Skald)                   Turns: 363, Time: 00:02:00

Health: 0/22       AC:  3    Str: 11    XL:     2   Next: 33%
Magic:  2/5        EV: 12    Int: 12    God:
Gold:   7          SH:  0    Dex: 13    Spells: 4/5 levels left

rFire    . . .     SeeInvis .   a - +0 spear
rCold    . . .     Gourm    .   (no shield)
rNeg     . . .     Faith    .   b - +0 leather armour
rPois    .         Spirit   .   (no helmet)
rElec    .         Reflect  .   (no cloak)
rCorr    .         Harm     .   (no gloves)
MR       .....                  (no boots)
Stlth    +.........             (no amulet)
HPRegen  0.07/turn              (no ring)
MPRegen  0.09/turn              (no ring)

@: infused (expiring)
A: change form in water, swift swim, stealthy swim
a: no special abilities


You were on level 3 of the Dungeon.
You were not hungry.

You visited 1 branch of the dungeon, and saw 4 of its levels.

You collected 7 gold pieces.

Inventory:

Hand Weapons
 a - a +0 spear (weapon)
Armour
 b - a +0 leather armour (worn)
Scrolls
 e - a scroll of fear {!r, unknown}
 f - a scroll of enchant armour {!r, unknown}
Potions
 g - a potion of lignification {!q, unknown}
Comestibles
 c - 6 chunks of flesh
 d - 3 rations


   Skills:
 - Level 2.1 Fighting
 * Level 4.0 Polearms
 - Level 0.6 Armour
 - Level 2.6 Dodging
 - Level 2.0 Spellcasting
 + Level 3.5 Charms


You had 4 spell levels left.
You knew the following spells:

 Your Spells              Type           Power        Failure   Level  Hunger
a - Infusion              Chrm           #...         9%          1    ##.....

Your spell library contained the following spells:

 Spells                   Type           Power        Failure   Level  Hunger
 Song of Slaying          Chrm           #.......     13%         2    ###....
 Shroud of Golubria       Chrm/Tloc      #.....       26%         2    ###....
 Regeneration             Chrm/Necr      #.........   45%         3    ####...
 Spectral Weapon          Hex/Chrm       #.......     45%         3    ####...


Dungeon Overview and Level Annotations

Branches:
Dungeon (4/15)
 Temple: D:4-7

Altars:
Qazlal
Trog
Uskayaw


Message History

f - a scroll labeled ZEYCIN DORPHIEL {!r}
Casting: Infusion (safe; 9% risk of failure)
Confirm with . or Enter, or press ? or * to list all spells.
You extend your infusion's duration.
Attack whom?
Press: ? - help, Dir - move target cursor, f - quokka skeleton
Aim: a quokka skeleton You reach to attack!
You hit the quokka skeleton!
You destroy the quokka skeleton!
Your Polearms skill increases to level 4!
No target in view!
No target in view!
No target in view!
Found a stone staircase leading down.
g - a sedimented inky potion {!q} Some of the chunks of flesh in your inventory have rotted away.
Your magical infusion is running out.
Found a stone staircase leading up.
You are no longer magically infusing your attacks.
Found a bloodstained altar of Trog.
A gnoll comes into view.
A gnoll comes into view. It is wielding a +0 spear.
The gnoll shouts! x2
The gnoll moves out of view.
You now have 7 gold pieces.
A gnoll comes into view. It is wielding a +0 spear.
The gnoll shouts!
There is a stone staircase leading up here.
Casting: Infusion (safe; 9% risk of failure)
Confirm with . or Enter, or press ? or * to list all spells.
You begin infusing your attacks with magical energy.
The gnoll barely misses you. The gnoll hits you but does no damage.
The gnoll barely misses you.
You climb upwards.
There is a stone staircase leading down here.
Your leather armour prevents you from hitting the gnoll.
You barely miss the gnoll. The gnoll hits you.
You barely miss the gnoll. The gnoll hits you!
* * * LOW HITPOINT WARNING * * *
You hit the gnoll.
The gnoll is moderately wounded.
The gnoll hits you.
* * * LOW HITPOINT WARNING * * *
You are too injured to fight recklessly!
You are too injured to fight recklessly!
You are too injured to fight recklessly!
You hit the gnoll.
The gnoll is heavily wounded.
Your magical infusion is running out.
The gnoll misses you.
You hit the gnoll.
The gnoll is almost dead.
The gnoll closely misses you.
You completely miss the gnoll.
The gnoll is almost dead.
The gnoll hits you but does no damage.
You barely miss the gnoll.
The gnoll is almost dead.
The gnoll hits you.
* * * LOW HITPOINT WARNING * * *
You barely miss the gnoll.
The gnoll is almost dead.
The gnoll hits you.
You die...

.. .# . .# .### ##+## .#
...### ##...## .# .....#
##.....##.# ##.#.#
##......)#.#
.....###........@.#
.......'........g.......
#......#.........###....
#########.......## #.#
##8# #........## #
8...8##.###...##
.....##.# ##+##
.....>#.# .....####


You could see a gnoll.

Vanquished Creatures
  A ball python (D:4)
  2 giant cockroaches (D:3)
  2 goblins (D:2)
  2 hobgoblins
  A quokka (D:3)
  A quokka skeleton (D:4)
  A rat (D:1)
10 creatures vanquished.

Notes
Turn   | Place    | Note
-------+----------+-------------------------------------------
     0 | D:1      | Amnesiac the Merfolk Skald began the quest for the Orb.
     0 | D:1      | Reached XP level 1. HP: 16/16 MP: 3/3
    11 | D:1      | You fall into a shaft and drop 1 floor!
    28 | D:2      | Found a hide-covered altar of Uskayaw.
   134 | D:3      | Reached XP level 2. HP: 18/22 MP: 0/5
   237 | D:3      | Found a stormy altar of Qazlal.
   314 | D:4      | Reached skill level 4 in Polearms
   339 | D:4      | Found a bloodstained altar of Trog.
   363 | D:3      | Slain by a gnoll

Levels and vault maps discovered:
D:1:      dpeg_arrival_rhombus, layout_loops_ring, roderic_roman_lattice
D:2:      layout_rooms, lemuel_round_altar, lemuel_crystal_altar, first_ration,
          uniq_robin, uniq_natasha, uniq_sigmund
D:3:      layout_loops_corners, nicolae_overflow_hidden_temple, uniq_terence
D:4:      layout_cave_pools, lemuel_crystal_altar, minmay_misc_feat_hallway

Skill      XL: |  1  2 |
---------------+-------+-----
Polearms       | 4 |  4.0
Fighting       | |  2.1
Armour         | |  0.6
Dodging        | |  2.6
Spellcasting   | |  2.0
Charms         | |  3.5

Action                   || total
-------------------------++-------
Melee: Spear             ||    46
 Cast: Infusion          ||     9
 Stab: Sleeping          ||     1
Armor: Leather armour    ||     7
Dodge: Dodged            ||    21

Table legend:
 A = Non-vault XP
 B = Vault XP
 C = Vault XP percentage of total XP
 D = Non-vault monster count
 E = Vault monster count
 F = Vault count percentage of total count
                 A         B        C        D         E       F
            +---------+---------+-------+---------+---------+-------
      Total |      14 |       4 |  22.2 |       8 |       2 |  20.0
            +---------+---------+-------+---------+---------+-------
        D:1 |       1 |       0 |   0.0 |       1 |       0 |   0.0
        D:2 |       2 |       4 |  66.7 |       1 |       2 |  66.7
        D:3 |       8 |       0 |   0.0 |       4 |       0 |   0.0
        D:4 |       3 |       0 |   0.0 |       2 |       0 |   0.0
            +---------+---------+-------+---------+---------+-------
